Map: At Eternity's Edge LE

Players

GamingJayden

  • Race: Terran Terran

Cheater 1 (Resources) - Winner!

  • Race: Zerg Zerg

VOD

Have the link to the VOD?

Description

Time

  • Played on: Sept. 19, 2026, 7:05 p.m.
  • Length: 14:08
Show
View Real Time Build Order
Export as new Build Order

GamingJayden Terran 

Build Orders:  

Get SALT Encoding   

  8  0:01  SCV  
  9  0:13  SCV  
  10  0:25  SCV  
  11  0:28  Supply Depot  
  11  0:38  SCV  
  12  0:56  SCV, Barracks  
  13  1:08  SCV  
  14  1:20  SCV  
  15  1:35  SCV  
  15  1:37  Command Center  
  16  1:44  Refinery  
  16  1:48  SCV  
  16  1:49  Marine  
  18  2:01  Supply Depot  
  18  2:05  SCV  
  18  2:07  Marine  
  20  2:18  SCV  
  21  2:27  Barracks  
  21  2:30  SCV  
  21  2:31  Marine  
  23  2:42  SCV  
  24  2:48  Marine  
  25  2:53  SCV  
  25  2:54  SCV  
  27  3:01  Factory  
  27  3:05  SCV  
  27  3:06  Marine  
  29  3:14  Engineering Bay  
  29  3:16  SCV  
  29  3:19  SCV  
  31  3:36  SCV x2  
  31  3:40  Barracks Reactor  
  31  3:41  Barracks Tech Lab  
  33  3:45  Barracks  
  33  3:48  SCV x2  
  34  3:52  Factory Tech Lab  
  35  4:00  SCV x2, Marine  
  38  4:05  Stimpack  
  38  4:10  Refinery  
  38  4:12  SCV x2  
  38  4:15  Supply Depot  
  40  4:22  Supply Depot  
  40  4:24  SCV  
  40  4:25  SCV  
  42  4:36  Marine x2  
  42  4:37  Hellion  
  46  4:38  Supply Depot  
  46  4:40  SCV  
  46  4:42  SCV  
  48  4:55  SCV  
  48  4:58  Hellion  
  48  4:59  SCV  
  52  5:00  Marine  
  52  5:01  Marine  
  52  5:06  Command Center  
  54  5:11  Starport  
  54  5:18  Marine x2  
  54  5:19  Hellion  
  58  5:25  Marine x2  
  60  5:29  SCV x2  
  60  5:34  Supply Depot  
  62  5:36  Supply Depot  
  62  5:41  Orbital Command, SCV  
  63  5:46  Refinery  
  63  5:52  Barracks  
  63  5:55  Supply Depot  
  63  5:58  Marine x2, Bunker  
  63  5:59  Marine  
  63  6:01  Barracks Reactor  
  66  6:05  Starport Reactor  
  66  6:09  Siege Tank  
  69  6:15  SCV x2  
  71  6:20  Supply Depot  
  71  6:24  Marine x2  
  71  6:25  Marine  
  74  6:27  SCV x2  
  74  6:29  SCV  
  77  6:34  Terran Infantry Weapons Level 1  
  77  6:38  Marine  
  77  6:39  Marine, Engineering Bay  
  79  6:41  Hellion  
  79  6:42  Marine x2  
  83  6:47  SCV  
  83  6:48  SCV x2  
  86  6:54  Barracks  
  86  6:56  Barracks Reactor, Marine  
  86  6:57  Marine  
  86  6:58  Barracks  
  86  6:59  SCV  
  86  7:00  SCV  
  90  7:03  Medivac x2  
  90  7:05  Marine  
  90  7:06  Marine x2  
  90  7:08  SCV  
  98  7:11  SCV  
  98  7:14  Marine x2  
  101  7:21  SCV  
  103  7:23  Orbital Command, Marine x2  
  104  7:41  Marine x6  
  104  7:43  Barracks Reactor  
  110  7:46  Barracks Tech Lab, Combat Shield  
  104  7:55  SCV x3  
  107  8:02  Marine x2  
  107  8:03  Marine x2  
  111  8:05  Marine  
  111  8:06  Marine, Command Center, Supply Depot  
  111  8:13  Supply Depot x2  
  111  8:23  Bunker  
  111  8:28  Marine x3, Medivac x2  
  111  8:29  Supply Depot, Barracks  
  111  8:31  Marine  
  119  8:34  Marine x5  
  119  8:35  Supply Depot, Siege Tank  
  119  8:36  Supply Depot  
  127  8:43  Starport  
  127  8:45  Armory  
  127  8:54  Supply Depot  
  127  8:56  Marine x3  
  127  8:57  Marine x2, Refinery  
  127  8:58  Medivac x2, SCV  
  137  9:03  SCV  
  137  9:07  Siege Tank  
  120  9:20  Marine x5  
  110  9:26  Marine x2  
  110  9:27  Marine x3  
  115  9:38  Command Center  
  115  9:42  SCV x3  
  118  9:54  SCV  
  97  10:02  Marine x3  
  97  10:03  Marine x6  
  97  10:06  Barracks Reactor  
  99  10:14  SCV x3  
  99  10:16  Marine  
  99  10:20  Starport Reactor, Marine x3  
  99  10:21  Medivac x2  
  110  10:25  Terran Infantry Weapons Level 2  
  110  10:26  SCV x2, Terran Infantry Armor Level 1  
  112  10:33  Fusion Core  
  112  10:41  SCV x2  
  112  10:42  SCV  
  115  10:51  Medivac  
  115  10:54  Orbital Command  
  115  10:55  Orbital Command  
  117  10:59  Refinery  
  117  11:01  Bunker  
  117  11:04  Marine x7  
  117  11:05  Marine x5, Supply Depot  
  117  11:08  Siege Tank  
  117  11:09  Medivac x2  
  136  11:18  Refinery  
  136  11:22  Marine  
  136  11:23  Barracks  
  137  11:27  Supply Depot  
  137  11:28  Marine x5, Barracks  
  137  11:29  Marine x2  
  137  11:30  Barracks  
  144  11:37  Missile Turret  
  144  11:38  Marine x2  
  146  11:42  Refinery  
  146  11:44  Refinery  
  146  11:46  SCV x2  
  149  11:47  Orbital Command  
  139  12:02  Command Center  
  139  12:06  Marine x7  
  139  12:07  Marine x3  
  139  12:08  Medivac x3  
  117  12:09  Medivac  
  95  12:18  Marine x2  
  95  12:22  Barracks Reactor x2  
  85  12:24  Marine x2  
  85  12:25  Barracks Reactor, Marine  
  85  12:26  Marine  
  77  12:32  Siege Tank  
  71  12:38  Marine x2  
  71  12:39  Marine  
  71  12:40  Marauder x2, Marine x2  
  71  12:41  Medivac x2  
  68  12:54  Marine x3  
  65  13:00  Medivac  
  65  13:01  Marauder  
  65  13:04  Siege Tank  
  70  13:12  Marine  
  70  13:13  Marine x4  
  70  13:17  SCV  
  68  13:41  Marine x6  
  69  13:42  Marine  
Show
View Real Time Build Order
Export as new Build Order

Cheater 1 (Resources) Zerg - Winner!

Build Orders: Hatch First 

Get SALT Encoding   

  8  0:00  Drone  
  9  0:10  Drone  
  10  0:16  Drone  
  11  0:21  Drone  
  12  0:33  Overlord  
  12  0:51  Drone x3  
  15  1:01  Drone  
  16  1:11  Drone  
  17  1:20  Hatchery  
  17  1:23  Drone  
  17  1:39  Spawning Pool  
  16  1:41  Drone  
  16  1:42  Extractor  
  16  1:45  Drone  
  17  1:50  Drone  
  18  2:00  Drone  
  19  2:10  Overlord  
  19  2:20  Drone  
  20  2:27  Extractor, Queen  
  21  2:30  Zergling x2  
  21  2:32  Drone  
  21  2:34  Queen  
  25  2:42  Drone  
  26  2:45  Drone  
  26  2:50  Drone  
  28  2:52  Drone  
  29  3:02  Roach Warren  
  28  3:05  Drone  
  28  3:08  Drone  
  28  3:12  Zergling x2  
  31  3:14  Zergling x2  
  32  3:21  Overlord  
  32  3:39  Drone x2  
  34  3:43  Roach x3  
  40  3:51  Lair  
  40  3:56  Overlord  
  40  4:01  Overlord  
  40  4:14  Zergling x6, Roach, Drone  
  40  4:15  Drone x2  
  48  4:20  Drone x2  
  48  4:22  Overlord  
  50  4:26  Roach  
  50  4:29  Roach  
  54  4:32  Roach  
  54  4:38  Overlord  
  56  4:40  Roach  
  56  4:43  Drone  
  56  4:44  Drone  
  60  4:47  Roach  
  60  4:50  Roach, Hydralisk Den  
  60  4:52  Drone  
  64  4:54  Overlord  
  64  5:03  Drone  
  64  5:05  Drone  
  64  5:06  Drone  
  67  5:08  Drone  
  67  5:12  Overlord  
  67  5:13  Drone  
  69  5:14  Drone  
  69  5:15  Drone  
  69  5:17  Drone  
  69  5:19  Hydralisk, Drone  
  69  5:21  Drone  
  76  5:22  Drone  
  77  5:29  Hydralisk  
  77  5:30  Drone  
  80  5:39  Overlord  
  80  5:40  Drone  
  80  5:41  Drone  
  80  5:42  Drone  
  83  5:43  Infestation Pit, Drone  
  83  5:45  Metabolic Boost  
  83  5:47  Baneling Nest  
  83  5:49  Evolution Chamber, Drone  
  82  5:51  Drone  
  82  5:56  Hatchery  
  82  6:02  Drone  
  83  6:04  Overlord  
  83  6:12  Evolution Chamber  
  83  6:13  Drone  
  83  6:15  Zerg Melee Weapons Level 1, Evolution Chamber  
  83  6:16  Drone  
  83  6:19  Infestor  
  83  6:21  Extractor  
  83  6:23  Drone  
  83  6:24  Extractor, Drone  
  85  6:32  Baneling  
  85  6:33  Infestor  
  85  6:37  Baneling, Zerg Ground Armor Level 1  
  87  6:40  Spine Crawler, Drone  
  87  6:41  Zerg Missile Weapons Level 1, Baneling  
  87  6:44  Drone x2, Baneling  
  87  6:46  Spine Crawler, Drone x2  
  87  6:47  Drone x2, Overlord  
  91  6:48  Baneling  
  91  6:50  Baneling  
  91  6:52  Zergling x2, Baneling  
  93  6:54  Baneling  
  93  6:57  Baneling, Zergling x2  
  93  6:58  Baneling  
  93  7:00  Zergling x2, Baneling  
  95  7:02  Baneling  
  96  7:08  Drone x2  
  96  7:09  Drone x4  
  101  7:17  Drone x3, Overlord  
  101  7:18  Drone  
  101  7:19  Extractor  
  101  7:20  Centrifugal Hooks, Drone  
  101  7:22  Extractor  
  104  7:23  Drone x3  
  104  7:24  Baneling x2  
  104  7:27  Drone  
  104  7:28  Zergling x2, Ravager  
  110  7:30  Drone  
  110  7:33  Baneling x3  
  110  7:34  Baneling  
  111  7:37  Overlord, Zergling x2  
  111  7:40  Drone  
  111  7:41  Ravager  
  114  7:44  Overseer  
  114  7:45  Spore Crawler  
  114  7:47  Queen, Spore Crawler  
  114  7:48  Drone x3, Zergling x2, Roach  
  114  7:51  Hatchery, Drone  
  117  7:52  Baneling x2  
  117  7:54  Hydralisk  
  117  7:55  Hydralisk, Drone  
  117  7:57  Zergling x2  
  117  7:58  Overlord  
  123  8:01  Drone, Baneling x2  
  124  8:07  Drone  
  124  8:08  Drone  
  124  8:09  Baneling  
  124  8:10  Baneling  
  124  8:11  Zergling x2, Glial Reconstitution  
  126  8:17  Pneumatized Carapace, Overlord, Baneling x2  
  126  8:18  Zergling x2  
  126  8:19  Infestor  
  127  8:20  Roach, Drone  
  127  8:22  Zergling x2  
  127  8:26  Infestor  
  135  8:27  Roach  
  135  8:28  Roach  
  135  8:32  Spine Crawler, Roach, Baneling  
  135  8:33  Baneling  
  140  8:35  Drone, Zergling x2  
  140  8:36  Zerg Missile Weapons Level 2  
  140  8:37  Overlord  
  142  8:43  Zerg Ground Armor Level 2  
  142  8:52  Spine Crawler, Drone  
  142  8:54  Spore Crawler, Drone, Overlord  
  142  8:56  Spore Crawler  
  142  8:57  Drone, Queen  
  142  8:59  Hydralisk  
  142  9:01  Hydralisk  
  148  9:03  Neural Parasite  
  148  9:07  Zergling x2  
  148  9:08  Zergling x2  
  148  9:09  Zergling x2  
  143  9:11  Zergling x2  
  143  9:12  Extractor, Hatchery  
  143  9:13  Drone x2  
  143  9:14  Lurker Den, Drone, Zergling x2  
  143  9:15  Extractor  
  143  9:16  Drone  
  131  9:18  Roach, Spine Crawler  
  131  9:19  Drone, Roach  
  131  9:20  Spine Crawler  
  131  9:21  Roach  
  131  9:22  Drone  
  131  9:23  Hydralisk  
  111  9:24  Roach x2  
  111  9:25  Roach  
  111  9:27  Overseer  
  111  9:28  Roach  
  111  9:30  Baneling, Zergling x2  
  111  9:31  Baneling x2, Zergling x2  
  121  9:34  Baneling  
  121  9:35  Baneling x4, Zergling x4  
  121  9:36  Baneling, Zergling x2  
  121  9:37  Baneling  
  121  9:38  Baneling, Zergling x2  
  125  9:39  Baneling, Zergling x2  
  125  9:40  Zergling x2  
  125  9:41  Zergling x2  
  125  9:43  Ravager  
  125  9:45  Roach  
  131  9:48  Ravager  
  131  9:49  Roach  
  131  9:51  Baneling x2, Zergling x2  
  131  9:52  Baneling x2, Zergling x2  
  136  9:56  Baneling, Zergling x2  
  136  9:57  Queen, Hydralisk  
  136  9:58  Baneling  
  136  9:59  Baneling x3, Zergling x4  
  137  10:00  Baneling, Spore Crawler  
  137  10:01  Baneling, Drone, Zergling x2  
  137  10:03  Spore Crawler, Drone  
  137  10:05  Spine Crawler, Drone  
  137  10:06  Infestor  
  139  10:12  Infestor, Overlord  
  139  10:13  Lurker, Roach  
  144  10:14  Hydralisk  
  144  10:16  Roach  
  144  10:17  Roach  
  150  10:21  Baneling x2  
  150  10:22  Zergling x4, Baneling x3  
  150  10:23  Zergling x2, Baneling  
  150  10:24  Queen  
  150  10:28  Zerg Melee Weapons Level 2  
  155  10:31  Overlord  
  155  10:32  Burrow  
  155  10:33  Hydralisk, Extractor  
  155  10:34  Drone  
  155  10:35  Hydralisk  
  157  10:36  Extractor  
  157  10:37  Drone  
  157  10:39  Baneling  
  157  10:40  Lurker  
  157  10:41  Hydralisk  
  162  10:44  Overseer  
  162  10:45  Spine Crawler, Hatchery  
  162  10:46  Drone x2  
  162  10:47  Overseer  
  162  10:50  Overlord, Ravager  
  162  10:52  Roach  
  165  10:59  Spine Crawler  
  165  11:01  Drone, Spore Crawler  
  165  11:03  Drone  
  165  11:04  Hive  
  165  11:15  Spine Crawler  
  165  11:16  Drone  
  165  11:17  Spine Crawler  
  165  11:18  Drone, Ravager  
  165  11:19  Overlord, Spine Crawler  
  165  11:20  Roach x2, Drone  
  165  11:21  Roach  
  172  11:33  Spire  
  172  11:34  Hydralisk  
  172  11:35  Drone, Hydralisk  
  172  11:37  Zergling x4, Overlord  
  172  11:39  Infestor  
  180  11:42  Infestor  
  182  11:49  Ravager, Roach  
  182  11:50  Spine Crawler  
  182  11:51  Drone  
  182  11:52  Ravager, Spine Crawler  
  182  11:53  Roach, Drone  
  188  11:54  Roach  
  188  11:55  Roach x2  
  188  11:56  Spore Crawler, Drone  
  188  11:58  Spine Crawler, Roach, Drone  
  188  11:59  Queen, Spore Crawler  
  188  12:00  Roach, Drone  
  188  12:01  Roach  
  188  12:02  Zergling x8  
  188  12:03  Zergling x4, Spore Crawler  
  188  12:04  Zergling x2, Drone  
  188  12:05  Zergling x2  
  188  12:07  Spore Crawler  
  184  12:08  Drone  
  184  12:09  Roach, Lurker  
  184  12:11  Hydralisk  
  184  12:12  Roach  
  186  12:16  Roach  
  186  12:17  Roach  
  186  12:18  Viper  
  186  12:19  Ultralisk Cavern, Viper  
  186  12:20  Drone  
  179  12:24  Infestor  
  179  12:28  Infestor  
  179  12:29  Hydralisk  
  179  12:30  Hydralisk  
  179  12:35  Spine Crawler  
  179  12:36  Drone, Spine Crawler  
  180  12:38  Drone  
  180  12:40  Spine Crawler, Drone  
  180  12:41  Viper  
  180  12:42  Corruptor  
  180  12:44  Corruptor  
  180  12:46  Corruptor  
  180  12:48  Hydralisk  
  184  12:53  Corruptor  
  184  12:54  Corruptor  
  184  12:56  Corruptor  
  184  12:57  Viper  
  192  13:02  Hatchery  
  192  13:03  Drone  
  192  13:06  Spore Crawler, Ultralisk, Drone  
  195  13:21  Ultralisk  
  195  13:23  Mutalisk  
  195  13:25  Mutalisk  
  199  13:29  Mutalisk, Spore Crawler  
  199  13:30  Drone  
  199  13:31  Roach x2  
  199  13:33  Spore Crawler  
  196  13:34  Drone, Spore Crawler  
  196  13:35  Drone  
  196  13:46  Zergling x4  
  196  13:48  Zergling x2  
Tags
 
Add a new tag
Caveats
  • Supply blocks, unpowered buildings, or Contaminate may cause inaccurate times.
  • Supply counts are checked every 10 seconds.